 Dungeon Crawl Stone Soup version 0.22-a0-109-gbeb7240 (webtiles) character file.

198 nono the Covered (level 6, -4/48 HPs)
             Began as a Human Fighter on Jan 26, 2018.
             Was an Initiate of Okawaru.
             Killed by divine providence
             ... invoked by an orc priest
              (12 damage)
             ... on level 4 of the Dungeon.
             The game lasted 00:05:30 (3153 turns).

nono the Covered (Human Fighter)                    Turns: 3153, Time: 00:05:31

Health: -4/48      AC:  7    Str: 23    XL:     6   Next: 5%
Magic:  6/6        EV:  7    Int:  8    God:    Okawaru [......]
Gold:   127        SH: 10    Dex: 13    Spells: 5/5 levels left

rFire    . . .     SeeInvis .   a - +0 long sword
rCold    + . .     Gourm    .   c - +0 shield
rNeg     . . .     Faith    .   b - +0 scale mail
rPois    .         Spirit   .   (no helmet)
rElec    .         Reflect  .   (no cloak)
rCorr    +         Harm     .   (no gloves)
MR       .....                  (no boots)
Stlth    ..........             (no amulet)
HPRegen  0.16/turn              k - ring of resist corrosion
MPRegen  0.10/turn              w - ring of protection from cold

@: mighty
A: no striking features
a: Renounce Religion


You were on level 4 of the Dungeon.
You worshipped Okawaru.
Okawaru was noncommittal.
You were not hungry.

You visited 2 branches of the dungeon, and saw 5 of its levels.

You collected 127 gold pieces.

Inventory:

Hand Weapons
 a - a +0 long sword (weapon)
 m - a +0 hunting sling of flaming
Armour
 b - a +0 scale mail (worn)
 c - a +0 shield (worn)
Jewellery
 k - a ring of resist corrosion (left hand)
 q - a +3 ring of intelligence
 w - a ring of protection from cold (right hand)
Scrolls
 e - a scroll of enchant weapon {unknown}
 h - a scroll of magic mapping {unknown}
 i - 5 scrolls of identify {unknown}
 n - 2 scrolls of remove curse {unknown}
 r - a scroll of amnesia {unknown}
 x - a scroll of enchant armour {unknown}
Potions
 g - a potion of haste {unknown}
 j - a potion of curing {unknown}
 l - 2 potions of agility
 o - a potion of magic {unknown}
 p - a potion of brilliance {unknown}
 s - a potion of resistance {unknown}
 t - a potion of ambrosia {unknown}
 u - 2 potions of heal wounds {unknown}
 v - 2 potions of flight {unknown}
Comestibles
 f - 14 rations
 z - 2 chunks of flesh


   Skills:
 + Level 4.0 Fighting
 + Level 3.3 Long Blades
 + Level 4.0 Armour
 + Level 4.0 Shields


You had 5 spell levels left.
You didn't know any spells.

Dungeon Overview and Level Annotations

Branches:
Dungeon (4/15)             Temple (1/1) D:4

Altars:
Cheibriados
Elyvilon
Okawaru
Sif Muna
Uskayaw
Vehumet


Message History

The orc priest is severely wounded.
You block the orc priest's attack. You block the orc's attack.
The orc priest hits you but does no damage.
You hit the orc priest but do no damage.
The orc priest is severely wounded.
The orc closely misses you.
The orc priest hits you but does no damage.
You block the orc's attack.
You hit the orc priest.
The orc priest is almost dead.
The orc priest mumbles some strange prayers to Beogh against you.
Beogh smites you!
* * * LOW HITPOINT WARNING * * *
The orc closely misses you.
You riposte.
You slash the orc!
You kill the orc!
Okawaru accepts your kill.
You feel very mighty all of a sudden.
The orc priest calls down the wrath of Beogh upon you.
Beogh smites you!
You die...

...###.#.###... #.#
.......$...#.... .######.###
...........#..### ..........#
...........#..# #.........#
...........# #.........##
..o.......... #..........###
.o............ #.............
..##...........##############....
..##[.........oo@(.....#####.....
..##...........)######...........
...........#.... #######.....
...........#.##. ##....
..##........ .. #..>..
.......#.... .# #.....
####.......( ## #.....
............ ##.... ####........
##>..


You could see an orc priest and an orc wizard.

Vanquished Creatures
  An orc priest (D:4)
  A worker ant (D:4)
  A gnoll (D:3)
  3 adders
  3 oozes
  An adder skeleton (D:4)
  4 worms
  2 dart slugs
  3 leopard geckos
  8 orcs
  3 giant cockroaches
  7 goblins
  8 hobgoblins
  4 kobolds
  5 bats
  4 frilled lizards
  10 rats
68 creatures vanquished.

Notes
Turn   | Place    | Note
-------+----------+-------------------------------------------
     0 | D:1      | nono the Human Fighter began the quest for the Orb.
     0 | D:1      | Reached XP level 1. HP: 18/18 MP: 1/1
    43 | D:1      | Reached XP level 2. HP: 23/24 MP: 2/2
   590 | D:1      | Reached XP level 3. HP: 29/29 MP: 3/3
   928 | D:2      | Found a hide-covered altar of Uskayaw.
  1511 | D:3      | Reached XP level 4. HP: 28/35 MP: 4/4
  1890 | D:3      | Found an iron altar of Okawaru.
  1912 | D:3      | Became a worshipper of Warmaster Okawaru
  2013 | D:3      | Reached XP level 5. HP: 41/42 MP: 5/5
  2731 | D:4      | Noticed an ogre
  2927 | D:4      | Found a staircase to the Ecumenical Temple.
  2935 | Temple   | Entered the Ecumenical Temple
  2961 | D:4      | Found a snail-covered altar of Cheibriados.
  3135 | D:4      | Reached XP level 6. HP: 45/48 MP: 6/6
  3153 | D:4      | Killed from afar by an orc priest

Vault maps used:
D:1:      dpeg_arrival_pits, corner_web_ring, minmay_fountain_box
D:2:      eat_drink_and_be_merry_uskayaw
D:3:      okawaru_altar_gauntlet_db
D:4:      kennysheep_slug_shrine, kennysheep_little_box,
          minmay_temple_entry_grid
Temple:   dshaligram_water_room_temple

Skill      XL: |  1  2  3  4  5 |
---------------+----------------+-----
Long Blades    | 3 |  3.3
Fighting       | 4 |  4.0
Armour         | 4 |  4.0
Shields        | 4 |  4.0

Action                   |  1- 3 |  4- 6 || total
-------------------------+-------+-------++-------
Melee: Long sword        |   108 |   152 ||   260
  Use: Potion            |       |     1 ||     1
  Eat: Chunk             |     2 |     6 ||     8
Armor: Scale mail        |    46 |    67 ||   113
Dodge: Dodged            |    30 |    47 ||    77
Block: Shield            |    39 |    77 ||   116
       Rpst.: Long sword |    12 |    11 ||    23

Table legend:
 A = Spawn XP
 B = Non-spawn XP
 C = Spawn XP percentage of total XP
 D = Spawn monster count
 E = Non-spawn monster count
 F = Spawn count percentage of total count
 G = Total turns spent on level
                    A         B        C        D         E        F      G
               +---------+---------+-------+---------+---------+-------+---------
         Total |       0 |     283 |   0.0 |       0 |      68 |   0.0 |  3153
               +---------+---------+-------+---------+---------+-------+---------
           D:1 |       0 |      38 |   0.0 |       0 |      16 |   0.0 |   762
           D:2 |       0 |      22 |   0.0 |       0 |       9 |   0.0 |   619
           D:3 |       0 |      96 |   0.0 |       0 |      31 |   0.0 |  1243
           D:4 |       0 |     127 |   0.0 |       0 |      12 |   0.0 |   523
               +---------+---------+-------+---------+---------+-------+---------
